 Dungeon Crawl Stone Soup version 0.17-a0-802-g1f09329 (webtiles) character file.

5 RobertPalmer the Bolt Thrower (level 1, -1/12 HPs)
             Began as a Kobold Hunter on Apr 26, 2015.
             Slain by a hobgoblin (2 damage)
             ... on level 1 of the Dungeon.
             The game lasted 00:00:28 (218 turns).

RobertPalmer the Bolt Thrower (Kobold Hunter)        Turns: 218, Time: 00:00:28

Health: -1/12      AC:  3    Str: 10    XL:     1   Next: 88%
Magic:  1/1        EV: 14    Int:  9    God:
Gold:   11         SH:  0    Dex: 16    Spells: 0 memorised, 0 levels left

rFire  . . .     SeeInvis .     a - +0 short sword
rCold  . . .     Clarity  .     d - +0 leather armour
rNeg   . . .     SustAb   .     (shield restricted)
rPois  .         Gourm    .     (no helmet)
rElec  .         Spirit   .     f - -1 cloak (curse)
rCorr  .         Warding  .     (no gloves)
rMut   .         Stasis   .     (no boots)
MR     .....                    (no amulet)
Stlth  ++........               (no ring)
                                (no ring)

@: not resistant to hostile enchantments, unstealthy
A: carnivore 3
a: no special abilities


You were on level 1 of the Dungeon.
You were very full.

You visited 1 branch of the dungeon, and saw 1 of its levels.

You collected 11 gold pieces.

Inventory:

Hand weapons
 a - a +0 short sword (weapon)
 b - a +1 hand crossbow
Missiles
 c - 19 bolts
Armour
 d - a +0 leather armour (worn)
 f - a cursed -1 cloak (worn)
   (You found it on level 1 of the Dungeon)
Comestibles
 e - a meat ration {@e2}


   Skills:
 - Level 2.1 Fighting
 + Level 1.8 Short Blades
 - Level 4.8 Crossbows
 - Level 2.4 Dodging
 - Level 1.3 Stealth


You couldn't memorise any spells.
You didn't know any spells.

Dungeon Overview and Level Annotations

Branches:
Dungeon (1/15)

Altars:


Innate Abilities, Weirdness & Mutations

You are small and have problems with some larger weapons.
You are carnivorous and can eat meat at any time.


Message History

Oops, that feels deathly cold.
Unknown command.
A bat comes into view.
A bat is nearby!
A bat is nearby!
A bat is nearby!
c - 18 bolts (gained 1)
Things that are here:
a club; a hobgoblin corpse
c - 19 bolts (gained 1)
Things that are here:
a club; a hobgoblin corpse You butcher the hobgoblin corpse.
g - 4 chunks of flesh {@w0}
Things that are here:
a club; a hobgoblin skeleton
Found a stone staircase leading down.
You barely miss the bat. The bat hits you but does no damage.
You hit the bat.
You kill the bat!
Your Short Blades skill increases to level 1!
No target in view!
No target in view!
No target in view!
Eating one of 4 chunks of flesh {@w0}.
This raw flesh tastes great.
You continue eating. x2
Eating one of 3 chunks of flesh {@w0}.
This raw flesh tastes great.
You continue eating. x2
Eating one of 2 chunks of flesh {@w0}.
This raw flesh tastes great.
You continue eating. x2
Eating a chunk of flesh {@w0}.
This raw flesh tastes great.
You continue eating. x2
Found an escape hatch in the floor.
There is a stone staircase leading down here.
There is an escape hatch in the floor here.
A hobgoblin comes into view.
A hobgoblin is nearby!
A hobgoblin is nearby!
A hobgoblin is nearby!
The hobgoblin shouts!
The hobgoblin closely misses you.
You hit the hobgoblin but do no damage. The hobgoblin hits you.
You take 1 damage, and have 11/12 hp.
You barely miss the hobgoblin. The hobgoblin closely misses you.
You barely miss the hobgoblin. The hobgoblin completely misses you.
You barely miss the hobgoblin. The hobgoblin hits you.
You take 2 damage, and have 9/12 hp.
You hit the hobgoblin but do no damage. The hobgoblin hits you.
You take 2 damage, and have 7/12 hp.
You are too injured to fight recklessly!
You are too injured to fight recklessly!
You are too injured to fight recklessly!
You are too injured to fight recklessly!
You are too injured to fight recklessly!
You are too injured to fight recklessly!
You closely miss the hobgoblin. The hobgoblin barely misses you.
You hit the hobgoblin.
You kill the hobgoblin!
You start resting.
Health restored: 12 Unknown command.
A kobold comes into view.
A kobold is nearby!
A kobold is nearby!
A kobold is nearby!
A rat comes into view.
The helpless kobold fails to defend itself.
You hit the kobold. The kobold hits you but does no damage.
You closely miss the kobold. The kobold hits you.
You take 2 damage, and have 10/12 hp.
You hit the kobold.
You kill the kobold!
You hit the rat.
You kill the rat!
No target in view!
No target in view!
No target in view!
Found a stone staircase leading down.
A hobgoblin comes into view.
The hobgoblin shouts!
The hobgoblin moves out of view.
The hobgoblin is too close now for your liking.
A hobgoblin is nearby!
A hobgoblin is nearby!
The hobgoblin hits you.
You take 1 damage, and have 9/12 hp.
You hit the hobgoblin but do no damage. The hobgoblin barely misses you.
You closely miss the hobgoblin. The hobgoblin completely misses you.
You hit the hobgoblin but do no damage. The hobgoblin barely misses you.
You hit the hobgoblin but do no damage. The hobgoblin hits you.
You take 3 damage, and have 6/12 hp.
MASSIVE DAMAGE!!
You hit the hobgoblin. The hobgoblin hits you.
You take 2 damage, and have 4/12 hp.
You barely miss the hobgoblin. The hobgoblin hits you.
* * * LOW HITPOINT WARNING * * *
You take 3 damage, and have 1/12 hp.
MASSIVE DAMAGE!!
You hit the hobgoblin. The hobgoblin hits you.
You die...

## ... ..... ...... ####......
.### #......# ..# ##..g..##.#
#.#####..@#.##...##
##.....>.#..+#.....##
##....#.....##.......##
#..##.#....##.........+#
######.........##.........).##
........##.....#..........)..#
#####..#######.#.............#
####..## #.#......<......#
†....## #.#.............#


You could see a hobgoblin.

Vanquished Creatures
  2 hobgoblins (D:1)
  A kobold (D:1)
  A bat (D:1)
  A rat (D:1)
5 creatures vanquished.

Notes
Turn   | Place    | Note
--------------------------------------------------------------
     0 | D:1      | RobertPalmer, the Kobold Hunter, began the quest for the Orb.
     0 | D:1      | Reached XP level 1. HP: 12/12 MP: 1/1
    35 | D:1      | Reached skill level 1 in Short Blades
   217 | D:1      | HP: 1/12 [hobgoblin (3)]
   218 | D:1      | Slain by a hobgoblin

Action                   || total
-------------------------++-------
Melee: Short sword       ||    20
 Fire: Hand crossbow     ||     3
 Stab: Sleeping          ||     1
  Eat: Chunk             ||     4

Vault maps used:
D:1:      lemuel_arrival_rhombus

Table legend:
 A = Turns spent in this place as a percentage of turns spent in the entire game.
 B = Non-inter-level travel turns spent in this place as a percentage of non-inter-level travel turns spent in the entire game.
 C = Inter-level travel turns spent in this place as a percentage of turns spent in this place.
 D = Turns resting spent in this place as a percentage of non-inter-level travel turns spent in this place.
 E = Turns spent auto-exploring this place as a percentage of non-inter-level travel turns spent in this place.
 F = Non-inter-level travel turns spent in this place divided by the number of levels of this place that you've seen.
                   A       B       C       D       E      F
               +-------+-------+-------+-------+-------+----------------------
         Total | 100.0 | 100.0 |   0.0 |   2.4 |  10.8 |  83.0
       Dungeon | 100.0 | 100.0 |   0.0 |   2.4 |  10.8 |  83.0
               +-------+-------+-------+-------+-------+----------------------

Table legend:
 A = Kills in this place as a percentage of kills in entire the game.
 B = Kills by you in this place as a percentage of kills by you in the entire game.
 C = Kills by friends in this place as a percentage of kills by friends in the entire game.
 D = Other kills in this place as a percentage of other kills in the entire game.
 E = Experience gained in this place as a percentage of experience gained in the entire game.
 F = Experience gained in this place divided by the number of levels of this place that you have seen.
                   A       B       C       D       E      F
               +-------+-------+-------+-------+-------+----------------------
         Total | 100.0 | 100.0 |  -nan |  -nan | 100.0 |   8.0
       Dungeon | 100.0 | 100.0 |  -nan |  -nan | 100.0 |   8.0
               +-------+-------+-------+-------+-------+----------------------
